 Dungeon Crawl Stone Soup version 0.30.1-11-g7821555f0a (webtiles) character file.

Game seed: 2470594725094047035

508 Glitchless the Cudgeller (level 7, -1/44 HPs)
             Began as a Gargoyle Berserker on Dec 8, 2023.
             Was a Believer of Trog.
             Slain by a gnoll bouda
             ... wielding a +1 whip of venom
              (2 damage)
             ... on level 5 of the Dungeon.
             The game lasted 00:09:40 (3259 turns).

Glitchless the Cudgeller (Gargoyle Berserker)       Turns: 3259, Time: 00:09:41

Health: -1/44      AC: 12    Str: 22    XL:     7   Next: 18%
Magic:  7/7        EV: 12    Int:  8    God:    Trog [**....]
Gold:   180        SH:  0    Dex:  9    Spells: 6/6 levels left

rFire   . . .        a - +1 mace
rCold   . . .        (no shield)
rNeg    + + .        o - +2 robe
rPois   ∞            s - +0 helmet
rElec   +            (no cloak)
rCorr   .            (no gloves)
SInv    .            j - +1 pair of boots
Will    .....        (no amulet)
Stlth   +            p - ring of positive energy
HPRegen 0.27/turn    (no ring)
MPRegen 0.10/turn

%: no passive effects
@: mighty, about to teleport, weakened, on berserk cooldown, slowed, studying
Shields, very slow
A: sickness immunity, AC +4, negative energy resistance 1, electricity
resistance, torment resistance 1, petrification resistance
a: Renounce Religion, Berserk, Trog's Hand


You were on level 5 of the Dungeon.
You worshipped Trog.
Trog was pleased with you.
You visited 1 branch of the dungeon, and saw 5 of its levels.

You collected 180 gold pieces.

Inventory:

Hand Weapons
 a - a +1 mace (weapon)
Armour
 j - a +1 pair of boots (worn)
 l - a +0 leather armour
 o - a +2 robe (worn)
 s - a +0 helmet (worn)
Jewellery
 p - a ring of positive energy (left hand)
Wands
 h - a wand of flame (25)
Scrolls
 f - a scroll of immolation {unknown}
 m - a scroll of amnesia {unknown}
 n - a scroll of teleportation
Potions
 b - 2 potions of berserk rage {unknown}
 c - 2 potions of might
 d - a potion of curing {unknown}
 e - 2 potions of degeneration {unknown}
 g - a potion of attraction {unknown}
 i - a potion of brilliance {unknown}
 k - 2 potions of haste {unknown}
 t - a potion of mutation {unknown}


   Skills:
 * Level 4.7 Fighting
 * Level 6.0 Maces & Flails
 * Level 3.4 Armour
 * Level 3.0 Dodging


You had 6 spell levels left.
You didn't know any spells.
Your spell library contained the following spells:

 Spells                   Type           Power      Damage    Failure   Level
 Summon Small Mammal      Summ           0%         N/A       41%         1
 Wereblood                Tmut           0%         N/A       54%         2
 Call Canine Familiar     Summ           0%         N/A       78%         3
 Summon Guardian Golem    Hex/Summ       0%         N/A       78%         3
 Summon Hydra             Summ           0%         N/A       100%        7
 Sublimation of Blood     Necr           Unusable   N/A       N/A         2

Dungeon Overview and Level Annotations

Branches:
Dungeon (5/15)
 Temple: D:4-7

Altars:
Elyvilon
Hepliaklqana
Kikubaaqudgha
Trog
Xom

Shops:
D:2 *


Innate Abilities, Weirdness & Mutations

You are immune to sickness and miasma.
Your stone body is resilient. (AC +4)
You are immune to poison.
You resist negative energy. (rN+)
You are resistant to electric shocks. (rElec)
You are resistant to unholy torment.
You are immune to petrification.


Message History

Unknown command.
You completely miss the white imp.
Your attacks no longer feel as feeble.
The white imp gestures at you. The puff of frost misses you.
The gnoll bouda gazes fiercely through you!
You feel your attacks grow feeble.
The gnoll bouda hits you with a +1 whip of venom!
The gnoll bouda barely misses you. The white imp gestures at you.
The puff of frost hits you!
* * * LOW HITPOINT WARNING * * *
You feel very mighty all of a sudden.
Your skin stops crawling.
You feel less strong-willed.
The white imp hits you but does no damage.
The gnoll bouda hits you but does no damage.
You closely miss the white imp. The white imp gestures at you.
The puff of frost hits you but does no damage.
The gnoll bouda hits you with a +1 whip of venom.
* * * LOW HITPOINT WARNING * * *
The gnoll bouda gazes fiercely through you!
You feel as though you will be weak longer.
The gnoll bouda barely misses you. The white imp barely misses you.
You closely miss the white imp. The white imp gestures at you.
The puff of frost hits you but does no damage.
The gnoll bouda gazes fiercely through you!
You feel as though you will be weak longer.
The gnoll bouda barely misses you.
The gnoll bouda hits you with a +1 whip of venom!
* * * LOW HITPOINT WARNING * * *
The white imp gestures at you. The puff of frost hits you.
* * * LOW HITPOINT WARNING * * *
Okay, then.
As you read the scroll labelled VOQAOKH IPHI, it crumbles to dust.
You feel strangely unstable.
It was a scroll of teleportation.
The gnoll bouda hits you with a +1 whip of venom.
You die...

#.#.#.###.........
#.#.......)....###
#.###)##..#......#
#.###.##....####.#
#.....##.#### #
########.# #....#
###g#### #...@5.#
#.#.........
#.####...... #
...##. .## .. _.
..#


You could see a gnoll bouda and a white imp.

Vanquished Creatures
  Duvessa (D:5)
  Blork the orc (D:4)
  Dowan (D:5)
  2 orc priests (D:4)
  A hound (D:4)
  Jessica (D:3)
  An iguana (D:5)
  An orc wizard (D:4)
  2 adders
  3 gnolls (D:5)
  4 dart slugs
  6 orcs
  4 bats
  2 bat zombies (D:3)
  7 endoplasms
  6 giant cockroaches
  4 goblins
  8 hobgoblins
  2 jackals (D:1)
  3 quokkas
  2 ball pythons
  2 frilled lizards (D:2)
  6 kobolds
  8 rats
  A rat zombie (D:3)
79 creatures vanquished.

Vanquished Creatures (others)
  An ufetubus (D:5)
1 creature vanquished.

Grand Total: 80 creatures vanquished

Notes
Turn   | Place    | Note
-------+----------+-------------------------------------------
     0 | D:1      | Glitchless the Gargoyle Berserker began the quest for the
                  | Orb.
     0 | D:1      | Reached XP level 1. HP: 14/14 MP: 1/1
   159 | D:1      | Reached XP level 2. HP: 19/19 MP: 2/2
   437 | D:1      | Reached XP level 3. HP: 24/24 MP: 3/3
   904 | D:2      | Found Nuetat's Assorted Antiques.
   938 | D:2      | Reached ** piety under Trog
  1493 | D:3      | Found a faded altar of an unknown god.
  1665 | D:3      | Found a white marble altar of Elyvilon.
  1693 | D:3      | Found a shimmering altar of Xom.
  1694 | D:3      | Found a hazy altar of Hepliaklqana.
  1695 | D:3      | Noticed a spectral ugly thing
  1724 | D:3      | Noticed Jessica
  1733 | D:3      | Killed Jessica
  1734 | D:3      | Reached skill level 4 in Maces & Flails
  1734 | D:3      | Reached XP level 4. HP: 20/29 MP: 4/4
  1902 | D:3      | Found an ancient bone altar of Kikubaaqudgha.
  2352 | D:4      | Reached XP level 5. HP: 29/33 MP: 5/5
  2482 | D:4      | Reached skill level 5 in Maces & Flails
  2482 | D:4      | Reached XP level 6. HP: 34/39 MP: 6/6
  2563 | D:4      | Noticed Blork the orc
  2583 | D:4      | Killed Blork the orc
  3085 | D:5      | Entered Level 5 of the Dungeon
  3096 | D:5      | Noticed Dowan
  3097 | D:5      | Noticed Duvessa
  3113 | D:5      | Killed Duvessa
  3137 | D:5      | Killed Dowan
  3138 | D:5      | Reached XP level 7. HP: 44/44 MP: 7/7
  3241 | D:5      | Found a bloodstained altar of Trog.
  3245 | D:5      | Reached skill level 6 in Maces & Flails
  3258 | D:5      | HP: 2/44 [gnoll bouda/+1 whip of venom (7)]
  3259 | D:5      | Slain by a gnoll bouda

Illustrated notes

Levels and vault maps discovered:
D:1:      ebering_trefoil_twist, layout_basic, minmay_misc_feat_four_crosses
D:2:      layout_rooms, serial_shops, shop
D:3:      layout_loops_ring, regret_index_temple_of_mockery,
          lemuel_zombie_altar_kikubaaqudgha, mainiacjoe_overflow_tiny_flanked,
          hellmonk_ecumenical_altar_run_dry, minmay_statues_item, uniq_jessica
D:4:      layout_loops_ring, minmay_misc_feat_nine_boxes, uniq_blork_the_orc
D:5:      nicolae_cairo_tiling_large, layout_basic, trog_three_pillars_becter,
          minitemple, uniq_duvessa, uniq_ijyb, uniq_pikel

Skill      XL: |  1  2  3  4  5  6  7 |
---------------+----------------------+-----
Maces & Flails | 4 5 6 |  6.0
Fighting       | 4 |  4.7
Dodging        | 2 3 |  3.0
Armour         | 3 |  3.4

Action                     |  1- 3 |  4- 6 |  7- 9 || total
---------------------------+-------+-------+-------++-------
  Melee: Mace              |   131 |   128 |    35 ||   294
         Punch             |     1 |       |       ||     1
 Invoke: Trog's Hand       |       |     3 |     1 ||     4
         Berserk           |       |     2 |     1 ||     3
    Use: Scroll            |     2 |     6 |     1 ||     9
         Potion            |       |     4 |     1 ||     5
   Stab: Sleeping          |     1 |     1 |       ||     2
 Armour: Animal skin       |    36 |    39 |       ||    75
         Robe              |       |    12 |    22 ||    34
  Dodge: Dodged            |    85 |    86 |    44 ||   215
